 Dungeon Crawl Stone Soup version 0.27-a0-1302-g7736ffe575 (webtiles) character file.

Game seed: 7687278683924900038

269 semen the Conjurer (level 5, -7/37 (40) HPs)
             Began as a Demigod Conjurer on June 18, 2021.
             Mangled by Duvessa (10 damage)
             ... on level 4 of the Dungeon.
             The game lasted 00:15:44 (3971 turns).

semen the Conjurer (Demigod Conjurer)               Turns: 3971, Time: 00:15:45

HP:   -7/37 (40)    AC:  2    Str:  8    XL:     5   Next: 69%
MP:   4/13          EV: 12    Int: 24    God:
Gold: 139           SH:  0    Dex: 12    Spells: 4/10 levels left

rFire    + . .     SeeInvis .   (no weapon)
rCold    . . .     Faith    .   (no shield)
rNeg     . . .     Spirit   .   a - +0 robe
rPois    .         Reflect  .   (no helmet)
rElec    .         Harm     .   (no cloak)
rCorr    .         Rampage  .   (no gloves)
Will     .....                  (no boots)
Stlth    ++........             (no amulet)
HPRegen  0.12/turn              b - ring of protection from fire
MPRegen  0.13/turn              (no ring)

@: brilliant, lethally poisoned (-7 -> -19), drained
A: high mp 1, forlorn
a: no special abilities


You were on level 4 of the Dungeon.
You visited 1 branch of the dungeon, and saw 4 of its levels.

You collected 139 gold pieces.

Inventory:

Armour
 a - a +0 robe (worn)
Jewellery
 b - a ring of protection from fire (left hand)
Scrolls
 g - a scroll of vulnerability {unknown}
 h - a scroll of enchant weapon {unknown}
 i - a scroll of noise
 j - a scroll of teleportation
 m - a scroll of magic mapping {unknown}
Potions
 e - a potion of curing
 f - a potion of invisibility {unknown}
 k - a potion of cancellation {unknown}
 l - 2 potions of resistance {unknown}


   Skills:
 + Level 1.1 Fighting
 + Level 2.3 Dodging
 + Level 2.4 Stealth
 + Level 3.3 Spellcasting
 + Level 5.0 Conjurations
 + Level 0.3 Hexes


You had 4 spell levels left.
You knew the following spells:

 Your Spells              Type           Power      Damage    Failure   Level
a - Magic Dart            Conj           100%       1d8       1%          1
b - Searing Ray           Conj           84%        3d6       1%          2
c - Dazzling Flash        Conj/Hex       50%        N/A       11%         3

Your spell library contained the following spells:

 Spells                   Type           Power      Damage    Failure   Level
 Fulminant Prism          Conj/Hex       12%        3d9       34%         4
 Iskenderun's Mystic Bla  Conj/Tloc      24%        2d7       36%         4


Dungeon Overview and Level Annotations

Branches:
Dungeon (4/15)
 Temple: D:4-7

Annotations:
D:4 Dowan, Duvessa


Innate Abilities, Weirdness & Mutations

Your attributes grow dramatically as you level up.
You have an increased reservoir of magic. (+10% MP)
You shall have no god before yourself.


Message History

Dowan, Brother of Duvessa comes into view.
He is wielding a +1 dagger of speed.
The searing ray hits Duvessa!
Duvessa is heavily wounded.
Dowan shouts!
Duvessa hits you with a +0 short sword of draining!
You feel drained.
The searing ray hits Duvessa.
Duvessa is heavily wounded.
The searing ray hits Dowan.
Dowan is moderately wounded.
You finish channeling your searing ray.
The adder misses you. x2
Duvessa closely misses you.
Casting: Searing Ray (safe; 1% risk of failure)
Confirm with . or Enter, or press ? or * to list all spells.
Aiming: Searing Ray (safe; 1% risk of failure)
Press: ? - help, Shift-Dir - straight line, f/p - Duvessa
Aim: Duvessa, wielding a +0 short sword of draining and wearing a +0 leather armour (heavily wounded, 84% to hit)
You feel a surge of power!
The searing ray hits Duvessa!
Duvessa is severely wounded. (Press . to maintain the ray.)
The adder bites you.
You are poisoned.
The adder poisons you!
An adder comes into view.
Duvessa hits you with a +0 short sword of draining!
You feel drained.
* * * LOW HITPOINT WARNING * * *
Casting: Searing Ray (safe; 1% risk of failure)
Confirm with . or Enter, or press ? or * to list all spells.
You feel a surge of power!
The adder is dazzled.
Duvessa is dazzled.
Dowan is dazzled.
The adder hisses angrily.
You feel sick. Dowan closely misses you. The adder bites you.
* * * LOW HITPOINT WARNING * * *
You are lethally poisoned!
The adder poisons you!
Dowan hits you with a +1 dagger of speed.
* * * LOW HITPOINT WARNING * * *
Duvessa hits you with a +0 short sword of draining!
You die...

.......# .#
......# ..##
...... ....
#....# .S...
####?...##.....
...(...........
.......ee......
.!.....@S<.....
.......<###+###
##......#
########


You could see Duvessa (blind), Dowan (blind) and 2 adders.

Vanquished Creatures
  A phantom (D:2)
  An orc priest (D:3)
  An orc wizard (D:3)
  4 adders
  A worm (D:2)
  3 dart slugs
  2 orcs (D:3)
  6 endoplasms
  3 goblins
  12 hobgoblins
  12 jackals
  4 kobolds
  6 quokkas
  6 ball pythons
  5 bats
  3 frilled lizards (D:1)
  26 rats
96 creatures vanquished.

Vanquished Creatures (others)
  6 demonic plants (D:3)
  9 fungi (D:3)
  6 plants (D:3)
  4 withered plants (D:3)
25 creatures vanquished.

Grand Total: 121 creatures vanquished

Notes
Turn   | Place    | Note
-------+----------+-------------------------------------------
     0 | D:1      | semen the Demigod Conjurer began the quest for the Orb.
     0 | D:1      | Reached XP level 1. HP: 14/14 MP: 5/5
   326 | D:1      | Reached skill level 4 in Conjurations
   326 | D:1      | Reached XP level 2. HP: 20/20 MP: 2/7
   330 | D:1      | Learned a level 2 spell: Searing Ray
  1284 | D:1      | Reached XP level 3. HP: 26/26 MP: 5/8
  2009 | D:2      | Learned a level 3 spell: Dazzling Flash
  2171 | D:2      | Noticed a phantom
  2205 | D:2      | Killed a phantom
  2206 | D:2      | Reached XP level 4. HP: 8/33 MP: 7/11
  2868 | D:3      | Reached XP level 5. HP: 28/39 MP: 8/12
  2873 | D:3      | Reached skill level 1 in Fighting
  3468 | D:3      | Reached skill level 5 in Conjurations
  3963 | D:4      | Noticed Duvessa
  3966 | D:4      | Noticed Dowan
  3971 | D:4      | Mangled by Duvessa

Illustrated notes

Levels and vault maps discovered:
D:1:      dpeg_arrival_fog, layout_loops_corners, st_stairs_8
D:2:      layout_rooms
D:3:      layout_loops_cross, old_standard_altar, shapermc_ecumenical_altar_gd,
          minmay_rat_hole
D:4:      layout_gridville, pdpol_wu_jian_five_deadly_venoms,
          amcnicky_altar_gilded, uniq_duvessa

Skill      XL: |  1  2  3  4  5 |
---------------+----------------+-----
Conjurations   | 4 5 |  5.0
Spellcasting   | 2 3 |  3.3
Dodging        | 2 |  2.3
Stealth        | 2 |  2.4
Fighting       | 1 |  1.1
Hexes          | |  0.3

Action                   |  1- 3 |  4- 6 || total
-------------------------+-------+-------++-------
Melee: Unarmed           |     2 |     1 ||     3
 Cast: Magic Dart        |    77 |    45 ||   122
       Searing Ray       |    12 |     7 ||    19
       Dazzling Flash    |     4 |     5 ||     9
  Use: Potion            |     2 |     1 ||     3
       Scroll            |     1 |     3 ||     4
Armor: Robe              |     8 |     2 ||    10
Dodge: Dodged            |    30 |    11 ||    41

Table legend: (Time is in decaauts)
 A = Elapsed time spent in this place.
 B = Non-inter-level travel time spent in this place.
 C = Inter-level travel time spent in this place.
 D = Time resting spent in this place.
 E = Time spent auto-exploring this place.
 F = Levels seen in this place.
 G = Mean time per level.
                   A        B        C        D        E       F      G
               +--------+--------+--------+--------+--------+-----+--------+
         Total |   3970 |   3882 |     88 |    210 |   3192 |   4 |  992.5 |
       Dungeon |   3970 |   3882 |     88 |    210 |   3192 |   4 |  992.5 |
               +--------+--------+--------+--------+--------+-----+--------+

Top non-repeatable levels by time:
     D:1: 1693 daAuts
     D:3: 1147 daAuts
     D:2: 1116 daAuts
     D:4: 13 daAuts
